 Dungeon Crawl Stone Soup version 0.27-a0-1154-gfdeffcb720 (webtiles) character file.

Game seed: 18206492675549806816

3293 Morbidden the Cutter (level 9, -1/68 HPs)
             Began as a Demonspawn Fighter on May 14, 2021.
             Slain by a manticore (19 damage)
             ... on level 7 of the Dungeon.
             The game lasted 00:14:45 (6677 turns).

Morbidden the Cutter (Demonspawn Fighter)           Turns: 6677, Time: 00:14:46

Health: -1/68      AC: 11    Str: 16    XL:     9   Next: 69%
Magic:  9/9        EV:  9    Int: 12    God:
Gold:   295        SH: 14    Dex: 14    Spells: 8/8 levels left

rFire    . . .     SeeInvis .   p - +0 short sword (speed)
rCold    . . .     Faith    .   c - +0 kite shield
rNeg     + . .     Spirit   .   b - +0 scale mail
rPois    .         Reflect  .   (helmet restricted)
rElec    .         Harm     .   (no cloak)
rCorr    +         Rampage  .   (no gloves)
Will     .....                  (no boots)
Stlth    ..........             h - amulet of regeneration
HPRegen  1.21/turn              n - ring of positive energy
MPRegen  0.11/turn              (no ring)

@: brilliant, spiked
A: horns 1, yellow scales 3, condensation shield
a: no special abilities


You were on level 7 of the Dungeon.
You visited 2 branches of the dungeon, and saw 8 of its levels.
You also visited: Sewer.

You collected 295 gold pieces.

Inventory:

Hand Weapons
 a - a +0 rapier
 d - a +0 dagger of draining
 p - a +0 short sword of speed (weapon)
Missiles
 l - 2 boomerangs (quivered)
 t - 36 poisoned darts
Armour
 b - a +0 scale mail (worn)
 c - a +0 kite shield (worn)
Jewellery
 h - an amulet of regeneration (around neck)
 n - a ring of positive energy (left hand)
 w - a ring of protection from fire
 y - a ring of magical power
Wands
 B - a wand of polymorph (9)
Scrolls
 e - 3 scrolls of identify {unknown}
 i - 3 scrolls of blinking {unknown}
 m - 2 scrolls of immolation {unknown}
 q - 3 scrolls of teleportation {unknown}
 s - a scroll of fog {unknown}
 u - a scroll of torment {unknown}
 v - a scroll of holy word {unknown}
 z - a scroll of noise {unknown}
 A - a scroll of enchant weapon {unknown}
 C - 2 scrolls of fear {unknown}
 D - a scroll of acquirement {unknown}
 E - a scroll of amnesia {unknown}
Potions
 g - a potion of curing
 r - a potion of haste
 x - a potion of mutation {unknown}
 F - a potion of attraction {unknown}
 G - a potion of lignification {unknown}
Miscellaneous
 k - a phial of floods (inert)


   Skills:
 + Level 5.6 Fighting
 + Level 6.7 Short Blades
 * Level 1.0(4.3) Long Blades
 + Level 2.6 Throwing
 + Level 6.4 Armour
 + Level 3.1 Dodging
 + Level 0.3 Stealth
 + Level 6.6 Shields
 + Level 1.7 Evocations


You had 8 spell levels left.
You didn't know any spells.
Your spell library contained the following spells:

 Spells                   Type           Power      Damage    Failure   Level
 Corona                   Hex            0%         N/A       97%         1
 Ensorcelled Hibernation  Hex/Ice        0%         N/A       99%         2
 Confusing Touch          Hex            0%         N/A       100%        3
 Dazzling Flash           Conj/Hex       0%         N/A       100%        3
 Tukima's Dance           Hex            0%         N/A       100%        3


Dungeon Overview and Level Annotations

Branches:
Dungeon (7/15)             Temple (1/1) D:6           Sewer (visited)

Altars:
Dithmenos
Elyvilon
Fedhas
Gozag
Hepliaklqana
Kikubaaqudgha
Makhleb
Nemelex Xobeh
Okawaru
Qazlal
Ru
Sif Muna
Trog
Uskayaw
Vehumet
Wu Jian
Xom
Yredelemnul
Zin
The Shining One

Shops:
D:1 *?:!   D:5 ?

Annotations:
D:4 3 runed translucent doors, PirateVox's ghost, amateur KoMo
D:5 Sigmund
D:7 Joseph


Innate Abilities, Weirdness & Mutations

You have a pair of small horns on your head.
You are completely covered in yellow scales. (AC +4, rCorr)
A meltable shield of frost defends you. (SH +4)


Message History

Unknown command.
You hit the manticore.
The manticore is moderately wounded.
Unknown command.
You completely miss the manticore.
The manticore is moderately wounded.
The manticore barely misses you. The manticore claws you!
You block the manticore's attack.
Joseph unwields a +0 quarterstaff.
Joseph wields a +3 hunting sling.
Joseph shoots a sling bullet.
You block the sling bullet.
Unknown command.
Unknown command.
Unknown command.
It was a potion of cancellation.
Your magical effects are unravelling.
You feel magically purged.
You feel yourself slow down.
Unknown command.
It was a potion of brilliance.
You feel clever all of a sudden. You block the manticore's attack.
The manticore claws you but does no damage.
The manticore barely misses you.
Joseph shoots a sling bullet.
The sling bullet hits you!
Unknown command.
It was a potion of ambrosia.
You are confused.
You feel invigorated. The manticore bites you! The manticore claws you!
The manticore claws you.
* * * LOW HITPOINT WARNING * * *
Joseph shoots a sling bullet.
The sling bullet hits you!
* * * LOW HITPOINT WARNING * * *
Okay, then.
Unknown command.
The barbs in your skin will harm you if you move.
Continue?
Okay, then.
Unknown command.
Unknown command.
You feel better.
You feel less invigorated. The manticore bites you!!
You die...

#....+ # #....# .# .....##
#....## .### ...... #.....#
..... .(...5 #.....####...
...... #.$...#.... . .....+
###.....##.###.... .....#
####.≈≈......<...#
....H###......≈H@...#####.#
....!.........≈.≈.......
..............#.#.#####.
##.#.#####.#..#.#.. ...#<#
# #. #.#.#@ .# ### ##
..#.#.. . .# .# .. #. .#
...


You could see Joseph and a manticore (waterlogged).

Vanquished Creatures
  A two-headed ogre (D:5)
  Prince Ribbit (Temple)
  A water moccasin (D:5)
  3 ice beasts
  A black bear (D:6)
  A necrophage (D:6)
  2 centaurs (D:6)
  2 ogres
  2 bullfrogs
  A gnoll sergeant (D:5)
  5 scorpions
  A water moccasin zombie (D:5)
  A water moccasin skeleton (D:4)
  5 wights
  A bullfrog zombie (D:5)
  A centaur skeleton (D:6)
  2 hounds
  3 iron imps (D:4)
  A jelly (D:4)
  5 iguanas
  3 bullfrog skeletons
  An orc wizard (D:6)
  A killer bee zombie (D:6)
  10 adders
  A river rat (D:3)
  4 gnolls (D:3)
  A white imp (D:5)
  An ufetubus (D:7)
  An adder skeleton (D:4)
  An adder zombie (D:5)
  2 worms
  3 dart slugs
  12 orcs
  5 endoplasms
  10 giant cockroaches
  8 goblins
  6 hobgoblins
  2 jackals (D:5)
  2 quokkas
  11 ball pythons
  5 bats
  14 frilled lizards
  8 kobolds
  6 rats
158 creatures vanquished.

Notes
Turn   | Place    | Note
-------+----------+-------------------------------------------
     0 | D:1      | Morbidden the Demonspawn Fighter began the quest for the
                  | Orb.
     0 | D:1      | Reached XP level 1. HP: 18/18 MP: 1/1
    32 | D:1      | Found Saonyekh's Distillery.
   191 | D:1      | Gained mutation: A meltable shield of frost defends you.
                  | (SH +4) [demonic ancestry]
   191 | D:1      | Reached XP level 2. HP: 19/24 MP: 2/2
   293 | D:1      | Found Utsaitz's General Store.
   410 | D:1      | Found Laefrut's Magic Scroll Boutique.
   626 | D:1      | Found Wulish's Book Shoppe.
   977 | D:2      | Reached XP level 3. HP: 29/29 MP: 3/3
  1177 | D:2      | You fall into a shaft and drop 1 floor!
  1278 | D:3      | Gained mutation: You are partially covered in yellow
                  | scales. (AC +2) [demonic ancestry]
  1278 | D:3      | Reached XP level 4. HP: 25/35 MP: 4/4
  1306 | D:3      | Found a blossoming altar of Fedhas.
  1325 | D:3      | Found a shadowy altar of Dithmenos.
  1327 | D:3      | Found a basalt altar of Yredelemnul.
  1429 | D:3      | Found a glowing drain.
  1453 | Sewer    | Entered a sewer
  1606 | Sewer    | Gained mutation: You are mostly covered in yellow scales.
                  | (AC +3) [demonic ancestry]
  1606 | Sewer    | Reached XP level 5. HP: 37/41 MP: 5/5
  2367 | D:3      | Gained mutation: You have a pair of small horns on your
                  | head. [demonic ancestry]
  2367 | D:3      | Reached XP level 6. HP: 46/48 MP: 6/6
  2677 | D:2      | Found a faded altar of an unknown god.
  3464 | D:4      | Reached skill level 1 in Dodging
  3728 | D:4      | Reached skill level 1 in Throwing
  3728 | D:4      | Reached XP level 7. HP: 43/54 MP: 7/7
  3789 | D:4      | Found a runed translucent gate.
  3789 | D:4      | Found a runed translucent gate.
  3789 | D:4      | Found a runed translucent gate.
  3963 | D:4      | Noticed PirateVox's ghost (amateur KoMo)
  4062 | D:4      | Found a burning altar of Makhleb.
  4232 | D:5      | Entered Level 5 of the Dungeon
  4381 | D:5      | Reached XP level 8. HP: 46/61 MP: 8/8
  4461 | D:5      | Reached skill level 5 in Short Blades
  4507 | D:5      | Found Jitofelo's Magic Scroll Shop.
  4542 | D:5      | Found an ancient bone altar of Kikubaaqudgha.
  4580 | D:5      | Noticed a two-headed ogre
  4654 | D:5      | Killed a two-headed ogre
  4655 | D:5      | Reached skill level 5 in Fighting
  4655 | D:5      | Reached skill level 5 in Armour
  4655 | D:5      | Reached skill level 5 in Shields
  4655 | D:5      | Reached skill level 1 in Evocations
  4824 | D:5      | Noticed Sigmund
  4909 | D:6      | Noticed Prince Ribbit
  4939 | D:6      | Found a staircase to the Ecumenical Temple.
  4948 | Temple   | Entered the Ecumenical Temple
  5176 | Temple   | Gained mutation: You are completely covered in yellow
                  | scales. (AC +4, rCorr) [demonic ancestry]
  5176 | Temple   | Reached XP level 9. HP: 24/65 MP: 9/9
  5273 | Temple   | Killed Prince Ribbit
  6164 | D:7      | Noticed a manticore
  6428 | D:5      | Found a shimmering altar of Xom.
  6667 | D:7      | Reached skill level 1 in Long Blades
  6671 | D:7      | Noticed Joseph
  6677 | D:7      | Slain by a manticore

Illustrated notes

Levels and vault maps discovered:
D:1:      lemuel_arrival_broad_hall, layout_loops_ring, serial_shops,
          nicolae_shop_statue_plus, shop_fountains, shop,
          nicolae_shop_window_shopping, kennysheep_minor_cross, st_stairs_3
D:2:      minmay_razor_zed, layout_basic,
          shapermc_ecumenical_altar_mp_urbaneastern
D:3:      layout_loops_ring, chequers_temple_overflow_statue_of_worship,
          portal_sewer_entry_a
D:4:      layout_rooms, demons_altar, gammafunk_ghost_icy
D:5:      layout_loops_cross, lemuel_round_altar, old_standard_altar,
          kennysheep_windowed_goal, uniq_sigmund
D:6:      nicolae_whirlpool, layout_cave_pools, minmay_temple_entry_crystal_x,
          minmay_splitting_lines, amcnicky_mini_corridor_feature,
          minmay_fractal_squares_5, uniq_prince_ribbit1
D:7:      minmay_the_grid_triangle_9x9_recursive_2
          [minmay_the_grid_triangle_9x9_prize_insulated,
          minmay_the_grid_triangle_9x9_skeleton,
          minmay_the_grid_triangle_9x9_corrupted_corridor,
          minmay_the_grid_triangle_9x9_longest], layout_basic,
          ashenzari_conservatory_becter, uniq_joseph
Temple:   jpeg_temple_clearing

Skill      XL: |  1  2  3  4  5  6  7  8  9 |
---------------+----------------------------+-----
Short Blades   | 2 3 4 6 |  6.7
Armour         | 3 4 5 6 |  6.4
Shields        | 3 4 5 6 |  6.6
Dodging        | 1 2 3 |  3.1
Fighting       | 4 5 |  5.6
Throwing       | 1 2 |  2.6
Evocations     | 1 |  1.7
Long Blades    | 1 |  1.0
Stealth        | |  0.3

Action                   |  1- 3 |  4- 6 |  7- 9 || total
-------------------------+-------+-------+-------++-------
Melee: Rapier            |    79 |   170 |       ||   249
       Short sword       |       |   123 |   604 ||   727
       Headbutt          |       |    39 |   134 ||   173
Throw: Boomerang         |       |    28 |    25 ||    53
Evoke: Wand              |       |       |     2 ||     2
       Phial of floods   |       |       |     2 ||     2
  Use: Potion            |     1 |     1 |     6 ||     8
Armor: Scale mail        |    35 |    99 |   187 ||   321
Dodge: Dodged            |    21 |    76 |   129 ||   226
Block: Kite shield       |    62 |   208 |   315 ||   585

Table legend: (Time is in decaauts)
 A = Elapsed time spent in this place.
 B = Non-inter-level travel time spent in this place.
 C = Inter-level travel time spent in this place.
 D = Time resting spent in this place.
 E = Time spent auto-exploring this place.
 F = Levels seen in this place.
 G = Mean time per level.
                   A        B        C        D        E       F      G
               +--------+--------+--------+--------+--------+-----+--------+
         Total |   6746 |   6538 |    208 |    179 |   4125 |   9 |  749.6 |
       Dungeon |   5721 |   5513 |    208 |     71 |   3687 |   7 |  817.3 |
        Temple |    301 |    301 |      0 |    108 |     63 |   1 |  301.0 |
         Sewer |    723 |    723 |      0 |      0 |    374 |   1 |  723.0 |
               +--------+--------+--------+--------+--------+-----+--------+

Top non-repeatable levels by time:
     D:5: 1050 daAuts
     D:2: 989 daAuts
     D:1: 983 daAuts
     D:3: 939 daAuts
     D:6: 907 daAuts
     D:4: 817 daAuts
   Sewer: 723 daAuts
  Temple: 301 daAuts
     D:7: 33 daAuts
